 Dungeon Crawl Stone Soup version 0.24-a0-504-gcfb02b9d07 (webtiles) character file.

Game seed: 3004858287781205160

287 KristoblXynda the Slasher (level 6, 0/51 HPs)
             Began as a Draconian Fighter on July 16, 2019.
             Was an Initiate of Ashenzari.
             Slain by a neqoxec (illusionary) (6 damage)
             ... on level 1 of the Abyss.
             The game lasted 00:04:55 (2990 turns).

KristoblXynda the Slasher (Draconian Fighter)       Turns: 2990, Time: 00:04:55

Health: 0/51       AC:  7    Str: 24      XL:     6   Next: 8%
Magic:  6/6        EV: 11    Int:  8 (10) God:    Ashenzari [......]
Gold:   121        SH:  9    Dex:  8      Spells: 5/5 levels left

rFire    + . .     SeeInvis .   a - +0 long sword
rCold    + . .     Gourm    .   b - +0 shield (curse)
rNeg     . . .     Faith    .   (armour unavailable)
rPois    +         Spirit   .   (helmet restricted)
rElec    +         Reflect  .   m - +0 cloak (curse)
rCorr    +         Harm     .   (no gloves)
MR       .....                  (no boots)
Stlth    +.........             (no amulet)
HPRegen  0.17/turn              j - ring of poison resistance (curse)
MPRegen  0.10/turn              (no ring)

@: mighty, about to teleport, resistant
A: unfitting armour, clumsy 1, evolution 1, cold-blooded, AC +6
a: Curse Item, Renounce Religion


You were on level 1 of the Abyss.
You worshipped Ashenzari.
Ashenzari was noncommittal.
You were not hungry.

You visited 2 branches of the dungeon, and saw 5 of its levels.
You visited the Abyss 1 time.

You collected 121 gold pieces.

Inventory:

Hand Weapons
 a - a +0 long sword (weapon)
Armour
 b - a cursed +0 shield (worn)
 m - a cursed +0 cloak (worn)
Jewellery
 j - a cursed ring of poison resistance (left hand)
Scrolls
 e - 2 scrolls of magic mapping
 f - 2 scrolls of teleportation
 h - a scroll of fog {unknown}
 n - a scroll of remove curse
 r - 2 scrolls of enchant weapon {unknown}
Potions
 c - 2 potions of might
 g - a potion of mutation {unknown}
 i - a potion of invisibility
 k - 3 potions of flight
 l - 2 potions of brilliance
 o - 2 potions of magic
Comestibles
 d - 5 rations


   Skills:
 - Level 3.2 Fighting
 * Level 4.7 Long Blades
 + Level 3.8 Dodging
 + Level 4.2 Shields


You had 5 spell levels left.
You didn't know any spells.
Your spell library contained the following spells:

 Spells                   Type           Power        Failure   Level  Hunger
 Summon Small Mammal      Summ           #...         86%         1    ##.....
 Call Imp                 Summ           #.......     95%         2    ###....
 Call Canine Familiar     Summ           #.......     99%         3    ####...
 Summon Guardian Golem    Hex/Summ       #.......     99%         3    ####...
 Summon Ice Beast         Ice/Summ       #.......     100%        4    #####..
 Summon Lightning Spire   Summ/Air       #.......     100%        4    #####..


Dungeon Overview and Level Annotations

Branches:
Dungeon (4/15)             Temple (1/1) D:4

Altars:
Ashenzari
Dithmenos
Elyvilon
Hepliaklqana
Makhleb
Nemelex Xobeh
Okawaru
Qazlal
Ru
Trog
Yredelemnul

Annotations:
D:4 Eustachio, Sigmund


Innate Abilities, Weirdness & Mutations

Your plain brown scales are hard. (AC +6)
You cannot fit into any form of body armour.
You are cold-blooded and may be slowed by cold attacks.
You are clumsy. (Dex -2)
You evolve.


Message History

The neqoxec is lightly wounded.
It was a potion of resistance.
You feel protected. The neqoxec hits you!
* * * LOW HITPOINT WARNING * * *
The neqoxec gestures at you.
Something tries to feed on your intellect!
You block the neqoxec's attack.
You barely miss the neqoxec. The neqoxec hits you.
* * * LOW HITPOINT WARNING * * *
The neqoxec misses you.
You riposte.
You slash the neqoxec!
The neqoxec is moderately wounded.
The neqoxec gestures at you.
You feel dopey. Something feeds on your intellect!
The neqoxec gestures.
As you read the scroll labeled ZITEYC ESERIH, it crumbles to dust.
You feel momentarily disoriented.
It was a scroll of magic mapping.
The neqoxec hits you.
You die...

. #. .#..# .
. .... #
..##55.#. .
..R..#
#.5#..# .
###35# #.
#.####553##
.##.....553@#
# #######53##
.##
..#.ยง.##..#
... . .
##.######
#..##. ##.
.#. . .#.....
###.## #..#.#
###.._... # .
#... . #####
.##. #...#


You could see a rakshasa, 4 neqoxecs, an iron imp, 2 quasits, 3 white imps, a
shadow imp and an ufetubus.

Vanquished Creatures
  2 hounds (D:4)
  An orc wizard (D:3)
  Jessica (D:3)
  Natasha (D:4)
  4 adders
  2 oozes
  A worm (D:2)
  A dart slug (D:1)
  A leopard gecko (D:3)
  8 orcs (D:3)
  7 bats
  4 giant cockroaches
  9 goblins
  14 hobgoblins
  4 jackals (D:4)
  4 kobolds
  5 frilled lizards
  10 rats
79 creatures vanquished.

Vanquished Creatures (others)
  Natasha (D:4)
1 creature vanquished.

Grand Total: 80 creatures vanquished

Notes
Turn   | Place    | Note
-------+----------+-------------------------------------------
     0 | D:1      | KristoblXynda the Draconian Fighter began the quest for the
                  | Orb.
     0 | D:1      | Reached XP level 1. HP: 19/19 MP: 1/1
   128 | D:1      | Reached XP level 2. HP: 16/26 MP: 2/2
   602 | D:1      | Reached XP level 3. HP: 25/31 MP: 3/3
  1319 | D:2      | Reached XP level 4. HP: 25/38 MP: 4/4
  1742 | D:3      | Found a faded altar of an unknown god.
  1787 | D:3      | Noticed Jessica
  1797 | D:3      | Killed Jessica
  2029 | D:3      | Reached XP level 5. HP: 42/45 MP: 5/5
  2617 | D:4      | Noticed Sigmund
  2662 | D:4      | Found a staircase to the Ecumenical Temple.
  2662 | D:4      | Found a white marble altar of Elyvilon.
  2663 | D:4      | Noticed Natasha
  2675 | D:4      | Killed Natasha
  2695 | Temple   | Entered the Ecumenical Temple
  2816 | Temple   | Became a worshipper of Ashenzari the Shackled
  2868 | D:4      | Noticed Natasha
  2870 | D:4      | Noticed Eustachio
  2883 | D:4      | Killed Natasha
  2893 | D:4      | Reached XP level 6. HP: 44/51 MP: 6/6
  2928 | D:4      | Cast into level 1 of the Abyss (Eustachio)
  2949 | Abyss:1  | Found a corrupted altar of Lugonu.
  2977 | Abyss:1  | Noticed a neqoxec
  2979 | Abyss:1  | Noticed a rakshasa
  2979 | Abyss:1  | Gained mutation: You are clumsy. (Dex -2) [a neqoxec]
  2986 | Abyss:1  | Gained mutation: You evolve. [a neqoxec]
  2990 | Abyss:1  | Slain by a neqoxec (illusionary)

Levels and vault maps discovered:
D:1:      scummos_arrival_hexagon, layout_rooms
D:2:      layout_loops_cross
D:3:      layout_loops_corners, chequers_ecumenical_altar_simple, first_ration,
          serial_bayou_pond_b, uniq_jessica
D:4:      layout_rooms, kennysheep_little_box, elyvilon_altar_4,
          minmay_temple_entry_offerings, serial_shops, shop, uniq_natasha,
          uniq_sigmund, uniq_eustachio
Temple:   compressed_dpeg_circular_temple
Abyss:1

Skill      XL: |  1  2  3  4  5 |
---------------+----------------+-----
Dodging        | 3 |  3.8
Long Blades    | 3 4 |  4.7
Shields        | 4 |  4.2
Fighting       | |  3.2

Action                   |  1- 3 |  4- 6 || total
-------------------------+-------+-------++-------
Melee: Long sword        |   114 |   144 ||   258
       Tailslap          |     9 |    18 ||    27
Invok: Curse Item        |       |     2 ||     2
  Use: Scroll            |       |     9 ||     9
       Potion            |       |     4 ||     4
 Stab: Sleeping          |     1 |       ||     1
  Eat: Chunk             |     1 |     6 ||     7
Armor: Skin              |    43 |    53 ||    96
Dodge: Dodged            |    50 |    93 ||   143
Block: Shield            |    56 |    87 ||   143
       Rpst.: Long sword |    15 |    30 ||    45

Table legend:
 A = Non-vault XP
 B = Vault XP
 C = Vault XP percentage of total XP
 D = Non-vault monster count
 E = Vault monster count
 F = Vault count percentage of total count
                 A         B        C        D         E       F
            +---------+---------+-------+---------+---------+-------
      Total |     325 |      85 |  20.7 |      74 |       6 |   7.5
            +---------+---------+-------+---------+---------+-------
        D:1 |      53 |       0 |   0.0 |      32 |       0 |   0.0
        D:2 |      47 |       0 |   0.0 |      12 |       0 |   0.0
        D:3 |     108 |      50 |  31.6 |      21 |       5 |  19.2
        D:4 |     117 |      35 |  23.0 |       9 |       1 |  10.0
            +---------+---------+-------+---------+---------+-------
